WCHLSIM.com - West Coast Hockey League
html PUBLIC "-//W3C//DTD XHTML 1.0 Transitional//EN" "http://www.w3.org/TR/xhtml1/DTD/xhtml1-transitional.dtd"> WCHL - Game 972 - SPOKANE KNIGHTS vs REGINA FALCONS

SPOKANE KNIGHTS vs REGINA FALCONS

Created - 7 mars 2024 at 20:07

Goals
1 2 3 T
SPOKANE KNIGHTS 2 0 0 2
REGINA FALCONS 2 1 0 3
Shots
1 2 3 T
SPOKANE KNIGHTS 11 13 5 29
REGINA FALCONS 8 12 5 25

1st period

1. SPOKANE KNIGHTS , Shane Pinto 14 (Anthony Duclair 4, Cole Sillinger 7) at 1:51
2. SPOKANE KNIGHTS , Evan Bouchard 7 (Anthony Cirelli 20) at 7:25 (PP)
3. REGINA FALCONS , Patrick Maroon 3 (Pierre-Olivier Joseph 5, Simon Ryfors 5) at 16:12
4. REGINA FALCONS , Andrei Kuzmenko 22 (Tyler Motte 18) at 16:38

Penalties :
Patrick Maroon (REG) for High sticking (Minor) at 7:15, Corey Perry (SPO) for High sticking (Minor) at 7:50, Patrick Maroon (REG) for Hooking (Minor) at 8:44, Devin Shore (REG) for Holding (Minor) at 11:45, Corey Perry (SPO) for Roughing (Double Minor) at 11:45

2nd period

5. REGINA FALCONS , Rickard Rakell 27 (Tucker Poolman 3) at 7:25 (PP)

Penalties :
Callan Foote (SPO) for Hooking (Minor) at 5:39, Logan Stanley (REG) for Hooking (Minor) at 9:24, Evan Bouchard (SPO) for Charging (Minor) at 13:13, Anton Khudobin (REG) for Slashing (Minor) at 19:09 - Patrick Maroon served the penalty.

3rd period

No Goal

Penalties :
Lias Andersson (SPO) for Tripping (Minor) at 6:45, Jonathon Merrill (SPO) for Tripping (Minor) at 18:56

Goalie Stats

Matthew Murray (SPO), 22 saves from 25 shots - (0,880), L, 5-23-0, 60:00 minutes
Anton Khudobin (REG), 27 saves from 29 shots - (0,931), W, 3-9-1, 60:00 minutes

Players Stats for SPOKANE KNIGHTS

Player Name              G  A  P  +/- PIM S  H  SB GA TA FO     MP     PP MP  PK MP  
------------------------------------------------------------------------------------
Anthony Cirelli          0  1  1   0  0   6  1  0  0  0  12/18  22:12   1:42   5:15 
Anthony Duclair          0  1  1   0  0   1  0  0  0  0  0/0    11:44   3:20   0:10 
Callan Foote             0  0  0   0  2   2  1  2  0  0  0/0    22:24   1:27   3:31 
Chad Ruhwedel            0  0  0   0  0   1  3  0  0  0  0/0    18:29   1:37   3:36 
Cole Sillinger           0  1  1   0  0   4  2  0  0  0  0/0     9:57   0:00   1:43 
Corey Perry              0  0  0   0  6   2  1  0  0  0  1/1    15:02   1:42   0:00 
David Jiricek            0  0  0  -1  0   0  3  0  0  0  0/0    20:15   3:25   0:32 
Evan Bouchard            1  0  1   0  2   4  1  1  0  0  0/0    25:16   3:35   5:04 
Jacob Larsson            0  0  0  -1  0   0  0  1  0  0  0/0    14:10   0:00   2:58 
Jonathon Merrill         0  0  0   0  2   0  1  1  0  0  0/0    19:23   0:00   3:41 
Joseph Veleno            0  0  0   0  0   0  0  0  0  0  9/11   13:22   0:00   0:00 
Kevin Rooney             0  0  0  -1  0   0  1  0  0  0  0/0    10:40   0:00   0:00 
Kevin Stenlund           0  0  0  -1  0   0  0  1  0  0  0/0    10:40   0:00   0:00 
Lias Andersson           0  0  0   0  2   0  0  0  0  0  0/0    11:38   1:42   0:00 
Logan O'Connor           0  0  0   0  0   1  1  0  0  0  2/4    17:11   3:20   2:43 
Nicklas Backstrom        0  0  0   0  0   3  0  0  0  0  10/14  21:58   3:20   6:48 
Quinton Byfield          0  0  0  -1  0   1  0  0  0  0  2/7    10:40   0:00   0:00 
Shane Pinto              1  0  1   0  0   4  0  0  0  0  6/7    12:08   0:00   2:43 

Players Stats for REGINA FALCONS

Player Name              G  A  P  +/- PIM S  H  SB GA TA FO     MP     PP MP  PK MP  
------------------------------------------------------------------------------------
Andrei Kuzmenko          1  0  1   1  0   2  0  0  0  0  0/1    15:51   4:10   0:00 
Daniel D'Amato           0  0  0   1  0   0  1  0  0  0  0/0     7:56   2:19   0:00 
Devin Shore              0  0  0   1  2   0  0  1  0  0  2/6     8:04   0:33   1:38 
Dominik Kubalik          0  0  0   0  0   2  1  0  0  0  0/0    21:42   4:46   0:38 
Eric Robinson            0  0  0   0  0   3  0  0  0  0  0/0    18:31   3:40   0:00 
Justin Schultz           0  0  0   1  0   3  2  1  0  0  0/0    20:56   4:21   0:11 
Kyle Okposo              0  0  0  -1  0   3  0  1  0  0  8/17   19:32   4:19   3:24 
Logan Stanley            0  0  0  -1  2   0  4  2  0  0  0/0    17:19   1:06   1:59 
Marco Scandella          0  0  0   1  0   1  1  0  0  0  0/0    21:44   4:21   0:59 
Max Jones                0  0  0   1  0   2  0  0  0  0  0/1    15:09   0:00   3:36 
Patric Hornqvist         0  0  0  -1  0   0  0  0  0  0  0/0    10:48   0:00   0:00 
Patrick Maroon           1  0  1   0  4   2  1  0  0  0  1/2    12:43   0:40   0:48 
Pierre-Olivier Joseph    0  1  1   1  0   0  0  1  0  0  0/0    20:11   3:41   1:52 
Rickard Rakell           1  0  1   0  0   4  1  0  0  0  5/20   21:48   4:54   0:00 
Simon Ryfors             0  1  1   1  0   1  0  0  0  0  0/0     5:54   0:00   0:00 
Tucker Poolman           0  1  1  -1  0   0  0  0  0  0  0/0    18:20   1:06   2:59 
Tyler Motte              0  1  1   1  0   2  1  0  0  0  4/15   15:27   4:47   0:00 
Zach Bogosian            0  0  0   0  0   0  0  1  0  0  0/0    19:55   3:41   2:04 

3 Stars

1 - Andrei Kuzmenko (REG)
2 - Rickard Rakell (REG)
3 - Tyler Motte (REG)

Power Play

SPOKANE KNIGHTS - 1 on 4 Attempt(s) - 25,00%
REGINA FALCONS - 1 on 6 Attempt(s) - 16,67%

Penalty Kill

SPOKANE KNIGHTS - 5 on 6 Attempt(s) - 83,33% - Score 0 goal in Penalty Kill
REGINA FALCONS - 3 on 4 Attempt(s) - 75,00% - Score 0 goal in Penalty Kill

Team Stat

SPOKANE KNIGHTS - Hits : 15 - Faceoff Wins : 42 - Blocked Shots : 6 - Penalty Minutes : 14
REGINA FALCONS - Hits : 12 - Faceoff Wins : 20 - Blocked Shots : 7 - Penalty Minutes : 10

Official

Referees : Justin Kea and Kevin Pollock
Linesman : Tony Sericolo and Trent Knorr

Game Notes

No Game Note

Finance

Level 1 -- Attendance: 3580 (59,67%) -- Ticket Income 841 300 $
Level 2 -- Attendance: 3004 (60,08%) -- Ticket Income 540 720 $
Level 3 -- Attendance: 1516 (75,80%) -- Ticket Income 212 240 $
Level 4 -- Attendance: 2862 (71,55%) -- Ticket Income 257 580 $
Luxury Box -- Attendance: 1000 (100,00%) -- Ticket Income 220 000 $
Game was played at the Larouche Arena.
Total Attendance: 11962 (66,46%)
Total Ticket Income: 2 071 840 $
Other Expense: 20 718 $
Total Income: 2 051 122 $

SPOKANE KNIGHTS

5 vs 5 Forward 
   Center                   Left Wing                Right Wing               Time % Phy DF OF 
 1 Joseph Veleno            Anthony Cirelli          Corey Perry              40     1   2  2  
 2 Nicklas Backstrom        Lias Andersson           Logan O'Connor           30     1   2  2  
 3 Shane Pinto              Cole Sillinger           Anthony Duclair          15     1   2  2  
 4 Quinton Byfield          Kevin Stenlund           Kevin Rooney             15     1   2  2  

5 vs 5 Defense 
   Defense                  Defense                                           Time % Phy DF OF 
 1 Evan Bouchard            Jonathon Merrill                                  35     1   2  2  
 2 Chad Ruhwedel            Callan Foote                                      30     1   2  2  
 3 David Jiricek            Jacob Larsson                                     20     1   2  2  
 4 Callan Foote             David Jiricek                                     15     1   2  2  

PowerPlay Forward 
   Center                   Left Wing                Right Wing               Time % Phy DF OF 
 1 Nicklas Backstrom        Anthony Duclair          Logan O'Connor           55     1   2  2  
 2 Anthony Cirelli          Lias Andersson           Corey Perry              45     1   2  2  

PowerPlay Defense
   Defense                  Defense                                           Time % Phy DF OF 
 1 Evan Bouchard            David Jiricek                                     60     1   2  2  
 2 Chad Ruhwedel            Callan Foote                                      40     1   2  2  

Penalty Kill 4 Players Forward 
   Center                   Wing                     Time % Phy DF OF 
 1 Anthony Cirelli          Nicklas Backstrom        60     1   2  2  
 2 Shane Pinto              Logan O'Connor           40     1   2  2  

Penalty Kill 4 Players Defense
   Defense                  Defense                  Time % Phy DF OF 
 1 Evan Bouchard            Jonathon Merrill         60     1   2  2  
 2 Chad Ruhwedel            Callan Foote             40     1   2  2  

Penalty Kill - 3 Players Forward 
   Forward                                           Time % Phy DF OF 
 1 Anthony Cirelli                                   55     1   2  2  
 2 Nicklas Backstrom                                 45     1   2  2  

Penalty Kill - 3 Players Defense
   Defense                  Defense                  Time % Phy DF OF 
 1 Evan Bouchard            Jonathon Merrill         55     1   2  2  
 2 Chad Ruhwedel            Callan Foote             45     1   2  2  

4 vs 4 Forward 
   Center                   Wing                     Time % Phy DF OF 
 1 Anthony Cirelli          Nicklas Backstrom        55     1   2  2  
 2 Shane Pinto              Logan O'Connor           45     1   2  2  

4 vs 4 Defense
   Defense                  Defense                  Time % Phy DF OF 
 1 Evan Bouchard            Jonathon Merrill         55     1   2  2  
 2 Chad Ruhwedel            Callan Foote             45     1   2  2  

Last Minutes Offensive
   Center                   Left Wing                Right Wing               Defense                  Defense                  
   Lias Andersson           Anthony Duclair          Logan O'Connor           David Jiricek            Jonathon Merrill         

Last Minutes Defensive
   Center                   Left Wing                Right Wing               Defense                  Defense                  
   Lias Andersson           Anthony Duclair          Logan O'Connor           David Jiricek            Jonathon Merrill         

Goaltenders
Starting : Matthew Murray           
Backup : Frederik Andersen        

Extra Forwards
Normal : Joseph Veleno, Kevin Stenlund, Cole Sillinger - PP : Joseph Veleno, Kevin Stenlund - PK : Cole Sillinger
Extra Defensemen
Normal : David Jiricek, Jacob Larsson, Chad Ruhwedel - PP : David Jiricek - PK : Jacob Larsson, Chad Ruhwedel
Penalty Shots
Anthony Cirelli, Nicklas Backstrom, Shane Pinto, Logan O'Connor, Corey Perry
Custom OT Lines Forwards
Anthony Cirelli, Nicklas Backstrom, Shane Pinto, Logan O'Connor, Corey Perry, Quinton Byfield, Joseph Veleno, Kevin Stenlund, Cole Sillinger, Anthony Duclair
Custom OT Lines Defensemen
Evan Bouchard, Jonathon Merrill, Chad Ruhwedel, Callan Foote, David Jiricek

Scratches
Derrick Pouliot (Left Eye Injury), Rasmus Kupari (Healthy)

REGINA FALCONS

5 vs 5 Forward 
   Center                   Left Wing                Right Wing               Time % Phy DF OF 
 1 Rickard Rakell           Dominik Kubalik          Eric Robinson            36     1   2  2  
 2 Tyler Motte              Andrei Kuzmenko          Max Jones                31     1   2  2  
 3 Kyle Okposo              Patrick Maroon           Patric Hornqvist         23     1   3  1  
 4 Devin Shore              Simon Ryfors             Daniel D'Amato           10     1   3  1  

5 vs 5 Defense 
   Defense                  Defense                                           Time % Phy DF OF 
 1 Justin Schultz           Marco Scandella                                   36     1   3  1  
 2 Zach Bogosian            Pierre-Olivier Joseph                             31     1   3  1  
 3 Logan Stanley            Tucker Poolman                                    23     1   2  2  
 4 Justin Schultz           Marco Scandella                                   10     1   2  2  

PowerPlay Forward 
   Center                   Left Wing                Right Wing               Time % Phy DF OF 
 1 Rickard Rakell           Dominik Kubalik          Kyle Okposo              55     1   1  3  
 2 Tyler Motte              Andrei Kuzmenko          Eric Robinson            45     1   1  3  

PowerPlay Defense
   Defense                  Defense                                           Time % Phy DF OF 
 1 Justin Schultz           Marco Scandella                                   55     1   2  2  
 2 Zach Bogosian            Pierre-Olivier Joseph                             45     1   2  2  

Penalty Kill 4 Players Forward 
   Center                   Wing                     Time % Phy DF OF 
 1 Kyle Okposo              Max Jones                55     1   2  2  
 2 Devin Shore              Patrick Maroon           45     1   2  2  

Penalty Kill 4 Players Defense
   Defense                  Defense                  Time % Phy DF OF 
 1 Zach Bogosian            Pierre-Olivier Joseph    55     1   2  2  
 2 Logan Stanley            Tucker Poolman           45     1   2  2  

Penalty Kill - 3 Players Forward 
   Forward                                           Time % Phy DF OF 
 1 Kyle Okposo                                       55     1   2  2  
 2 Devin Shore                                       45     1   2  2  

Penalty Kill - 3 Players Defense
   Defense                  Defense                  Time % Phy DF OF 
 1 Zach Bogosian            Pierre-Olivier Joseph    55     1   2  2  
 2 Logan Stanley            Tucker Poolman           45     1   2  2  

4 vs 4 Forward 
   Center                   Wing                     Time % Phy DF OF 
 1 Rickard Rakell           Dominik Kubalik          55     1   2  2  
 2 Kyle Okposo              Andrei Kuzmenko          45     1   2  2  

4 vs 4 Defense
   Defense                  Defense                  Time % Phy DF OF 
 1 Justin Schultz           Marco Scandella          55     1   2  2  
 2 Zach Bogosian            Pierre-Olivier Joseph    45     1   2  2  

Last Minutes Offensive
   Center                   Left Wing                Right Wing               Defense                  Defense                  
   Rickard Rakell           Andrei Kuzmenko          Max Jones                Justin Schultz           Marco Scandella          

Last Minutes Defensive
   Center                   Left Wing                Right Wing               Defense                  Defense                  
   Rickard Rakell           Andrei Kuzmenko          Max Jones                Justin Schultz           Marco Scandella          

Goaltenders
Starting : Anton Khudobin           
Backup : Petr Mrazek              

Extra Forwards
Normal : Daniel D'Amato, Patrick Maroon, Max Jones - PP : Daniel D'Amato, Patrick Maroon - PK : Max Jones
Extra Defensemen
Normal : Logan Stanley, Tucker Poolman, Marco Scandella - PP : Logan Stanley - PK : Tucker Poolman, Marco Scandella
Penalty Shots
Rickard Rakell, Andrei Kuzmenko, Dominik Kubalik, Kyle Okposo, Tyler Motte
Custom OT Lines Forwards
Rickard Rakell, Andrei Kuzmenko, Dominik Kubalik, Kyle Okposo, Tyler Motte, Eric Robinson, Patrick Maroon, Max Jones, Simon Ryfors, Devin Shore
Custom OT Lines Defensemen
Justin Schultz, Zach Bogosian, Marco Scandella, Pierre-Olivier Joseph, Logan Stanley

Scratches
Jacob Peterson (Back Spasms Injury), Filip Roos (Bruised Right Shoulder Injury), Semyon Varlamov (Bruised Right Leg Injury), Chris Driedger (Healthy)

% Time on Ice - SPOKANE KNIGHTS

Lines # - Real PCT - Wanted PCT - Time Play
Normal Forward
1 - 32% - 40% - 13:22
2 - 24% - 30% - 9:57
3 - 20% - 15% - 8:14
4 - 25% - 15% - 10:40
Normal Defense
1 - 34% - 35% - 14:11
2 - 25% - 30% - 10:39
3 - 27% - 20% - 11:12
4 - 15% - 15% - 6:11
PP Forward
1 - 66% - 55% - 3:20
2 - 34% - 45% - 1:42
PP Defense
1 - 71% - 60% - 3:35
2 - 29% - 40% - 1:27
PK Forward
1 - 72% - 60% - 6:58
2 - 28% - 40% - 2:43
PK Defense
1 - 69% - 60% - 6:38
2 - 31% - 40% - 3:03
PK3 Forward
1 - 0% - 55%
2 - 0% - 45%
PK3 Defense
1 - 0% - 55%
2 - 0% - 45%
44 Forward
1 - 61% - 55% - 1:53
2 - 39% - 45% - 1:11
44 Defense
1 - 61% - 55% - 1:53
2 - 39% - 45% - 1:11
Last Minute Offensive  - 0:00
Last Minute Defensive  - 0:00
Total
Forward - 60:00
Defense - 60:00

% Time on Ice - REGINA FALCONS

Lines # - Real PCT - Wanted PCT - Time Play
Normal Forward
1 - 35% - 36% - 14:51
2 - 25% - 31% - 10:40
3 - 26% - 23% - 10:48
4 - 14% - 10% - 5:54
Normal Defense
1 - 35% - 36% - 14:41
2 - 30% - 31% - 12:35
3 - 34% - 23% - 14:15
4 - 2% - 10% - 0:42
PP Forward
1 - 51% - 55% - 4:54
2 - 49% - 45% - 4:47
PP Defense
1 - 57% - 55% - 5:30
2 - 43% - 45% - 4:11
PK Forward
1 - 71% - 55% - 3:34
2 - 29% - 45% - 1:28
PK Defense
1 - 41% - 55% - 2:03
2 - 59% - 45% - 2:59
PK3 Forward
1 - 0% - 55%
2 - 0% - 45%
PK3 Defense
1 - 0% - 55%
2 - 0% - 45%
44 Forward
1 - 67% - 55% - 2:03
2 - 33% - 45% - 1:01
44 Defense
1 - 33% - 55% - 1:01
2 - 67% - 45% - 2:03
Last Minute Offensive  - 0:00
Last Minute Defensive  - 0:00
Total
Forward - 60:00
Defense - 60:00

Play-by-Play

1st period


0:01 of 1st period - Rickard Rakell wins face-off versus Joseph Veleno in neutral zone.
0:16 of 1st period - Shot by Rickard Rakell.
0:16 of 1st period - Stopped by Matthew Murray with a rebound.
0:24 of 1st period - Shot by Eric Robinson.
0:24 of 1st period - Stopped by Matthew Murray without a rebound.
0:25 of 1st period - Nicklas Backstrom wins face-off versus Max Jones in SPOKANE KNIGHTS zone.
0:50 of 1st period - Shot by Logan O'Connor.
0:50 of 1st period - Shot Hit the Post.
1:30 of 1st period - Shot by Anthony Duclair.
1:30 of 1st period - Shot Misses the Net.
1:45 of 1st period - Shot by Shane Pinto.
1:45 of 1st period - Stopped by Anton Khudobin with a rebound.
1:47 of 1st period - Shot by Cole Sillinger.
1:47 of 1st period - Shot Misses the Net.
1:49 of 1st period - Shot by Cole Sillinger.
1:49 of 1st period - Stopped by Anton Khudobin with a rebound.
1:51 of 1st period - Shot by Anthony Duclair.
1:51 of 1st period - Deflect By Shane Pinto.
1:51 of 1st period - Goal by Shane Pinto - SPOKANE KNIGHTS : 1 - REGINA FALCONS : 0.
1:52 of 1st period - Joseph Veleno wins face-off versus Rickard Rakell in neutral zone.
2:23 of 1st period - Shot by Anthony Cirelli.
2:23 of 1st period - Stopped by Anton Khudobin without a rebound.
2:24 of 1st period - Devin Shore wins face-off versus Quinton Byfield in REGINA FALCONS zone.
3:11 of 1st period - Shot by Andrei Kuzmenko.
3:11 of 1st period - Stopped by Matthew Murray with a rebound.
3:13 of 1st period - Shot by Tyler Motte.
3:13 of 1st period - Shot Misses the Net.
3:15 of 1st period - Shot by Max Jones.
3:15 of 1st period - Stopped by Matthew Murray with a rebound.
3:17 of 1st period - Shot by Tyler Motte.
3:17 of 1st period - Shot Misses the Net.
6:17 of 1st period - Icing by Marco Scandella.
6:18 of 1st period - Nicklas Backstrom wins face-off versus Kyle Okposo in REGINA FALCONS zone.
6:38 of 1st period - Evan Bouchard is hit by Marco Scandella and loses puck.
7:15 of 1st period - Minor Penalty to Patrick Maroon for High sticking.
7:16 of 1st period - Anthony Cirelli wins face-off versus Devin Shore in REGINA FALCONS zone.
7:23 of 1st period - Shot by Evan Bouchard.
7:23 of 1st period - Stopped by Anton Khudobin with a rebound.
7:25 of 1st period - Shot by Evan Bouchard.
7:25 of 1st period - Goal by Evan Bouchard - SPOKANE KNIGHTS : 2 - REGINA FALCONS : 0.
7:26 of 1st period - Anthony Cirelli wins face-off versus Tyler Motte in neutral zone.
7:50 of 1st period - Minor Penalty to Corey Perry for High sticking.
7:51 of 1st period - Anthony Cirelli wins face-off versus Tyler Motte in SPOKANE KNIGHTS zone.
8:20 of 1st period - Shot by Andrei Kuzmenko.
8:20 of 1st period - Shot Misses the Net.
8:44 of 1st period - Minor Penalty to Patrick Maroon for Hooking.
8:45 of 1st period - Shane Pinto wins face-off versus Rickard Rakell in REGINA FALCONS zone.
9:48 of 1st period - Shot by Anthony Cirelli.
9:48 of 1st period - Stopped by Anton Khudobin without a rebound.
9:49 of 1st period - Anthony Cirelli wins face-off versus Kyle Okposo in REGINA FALCONS zone.
9:50 of 1st period - Shot by Evan Bouchard.
9:50 of 1st period - Shot Misses the Net.
9:54 of 1st period - Shot by Corey Perry.
9:54 of 1st period - Deflect By Anthony Cirelli.
9:54 of 1st period - Shot Misses the Net.
10:04 of 1st period - Shot by Anthony Cirelli.
10:04 of 1st period - Shot Misses the Net.
10:06 of 1st period - Shot by Anthony Cirelli.
10:06 of 1st period - Stopped by Anton Khudobin without a rebound.
10:07 of 1st period - Nicklas Backstrom wins face-off versus Kyle Okposo in REGINA FALCONS zone.
10:16 of 1st period - Shot by Logan O'Connor.
10:16 of 1st period - Stopped by Anton Khudobin with a rebound.
10:18 of 1st period - Shot by Chad Ruhwedel.
10:18 of 1st period - Stopped by Anton Khudobin without a rebound.
10:19 of 1st period - Nicklas Backstrom wins face-off versus Devin Shore in REGINA FALCONS zone.
10:22 of 1st period - Shot by Logan O'Connor.
10:22 of 1st period - Shot Blocked by Logan Stanley.
10:28 of 1st period - Shot by Evan Bouchard.
10:28 of 1st period - Shot Blocked by Devin Shore.
11:45 of 1st period - Minor Penalty to Devin Shore for Holding.
11:45 of 1st period - Double Minor Penalty to Corey Perry for Roughing.
11:46 of 1st period - Rickard Rakell wins face-off versus Anthony Cirelli in neutral zone.
11:50 of 1st period - Icing by Anthony Cirelli.
11:51 of 1st period - Anthony Cirelli wins face-off versus Rickard Rakell in SPOKANE KNIGHTS zone.
12:13 of 1st period - Shot by Nicklas Backstrom.
12:13 of 1st period - Shot Misses the Net.
12:15 of 1st period - Shot by Evan Bouchard.
12:15 of 1st period - Shot Misses the Net.
12:17 of 1st period - Shot by Evan Bouchard.
12:17 of 1st period - Shot Misses the Net.
12:41 of 1st period - Shot by Logan O'Connor.
12:41 of 1st period - Deflect By Shane Pinto.
12:41 of 1st period - Shot Misses the Net.
12:43 of 1st period - Shot by Callan Foote.
12:43 of 1st period - Stopped by Anton Khudobin without a rebound.
12:44 of 1st period - Kyle Okposo wins face-off versus Shane Pinto in REGINA FALCONS zone.
12:44 of 1st period - Kyle Okposo is hit by Logan O'Connor.
12:54 of 1st period - Marco Scandella is hit by Chad Ruhwedel and loses puck.
13:01 of 1st period - Shot by Justin Schultz.
13:01 of 1st period - Stopped by Matthew Murray without a rebound.
13:02 of 1st period - Anthony Cirelli wins face-off versus Kyle Okposo in SPOKANE KNIGHTS zone.
13:25 of 1st period - Shot by Anthony Cirelli.
13:25 of 1st period - Shot Misses the Net.
15:54 of 1st period - Shot by Patrick Maroon.
15:54 of 1st period - Shot Misses the Net.
16:00 of 1st period - Shot by Simon Ryfors.
16:00 of 1st period - Shot Blocked by Jacob Larsson.
16:08 of 1st period - Shot by Simon Ryfors.
16:08 of 1st period - Shot Blocked by Kevin Stenlund.
16:10 of 1st period - Shot by Pierre-Olivier Joseph.
16:10 of 1st period - Shot Misses the Net.
16:12 of 1st period - Shot by Patrick Maroon.
16:12 of 1st period - Goal by Patrick Maroon - SPOKANE KNIGHTS : 2 - REGINA FALCONS : 1.
16:13 of 1st period - Joseph Veleno wins face-off versus Rickard Rakell in neutral zone.
16:28 of 1st period - Shot by Dominik Kubalik.
16:28 of 1st period - Stopped by Matthew Murray without a rebound.
16:29 of 1st period - Shane Pinto wins face-off versus Tyler Motte in SPOKANE KNIGHTS zone.
16:38 of 1st period - Shot by Andrei Kuzmenko.
16:38 of 1st period - Goal by Andrei Kuzmenko - SPOKANE KNIGHTS : 2 - REGINA FALCONS : 2.
16:39 of 1st period - Joseph Veleno wins face-off versus Kyle Okposo in neutral zone.
16:44 of 1st period - Shot by Anthony Cirelli.
16:44 of 1st period - Shot Blocked by Pierre-Olivier Joseph.
17:15 of 1st period - Patric Hornqvist is hit by Callan Foote and loses puck.
18:43 of 1st period - Shot by Shane Pinto.
18:43 of 1st period - Shot Misses the Net.
18:45 of 1st period - Shot by Cole Sillinger.
18:45 of 1st period - Shot Misses the Net.
18:47 of 1st period - Shot by Shane Pinto.
18:47 of 1st period - Shot Misses the Net.
18:58 of 1st period - Icing by Eric Robinson.
18:59 of 1st period - Quinton Byfield wins face-off versus Rickard Rakell in REGINA FALCONS zone.
19:06 of 1st period - Shot by Quinton Byfield.
19:06 of 1st period - Deflect By Kevin Stenlund.
19:06 of 1st period - Shot Blocked by Logan Stanley.
19:14 of 1st period - Shot by Kevin Stenlund.
19:14 of 1st period - Shot Misses the Net.
19:47 of 1st period - Anthony Cirelli is hit by Logan Stanley and loses puck.
Goals for this period are 2 for SPOKANE KNIGHTS vs 2 for REGINA FALCONS.
Shots for this period are 11 for SPOKANE KNIGHTS vs 8 for REGINA FALCONS.

2nd period


0:01 of 2nd period - Joseph Veleno wins face-off versus Tyler Motte in neutral zone.
0:18 of 2nd period - Andrei Kuzmenko is hit by Chad Ruhwedel and loses puck.
0:29 of 2nd period - Shot by Max Jones.
0:29 of 2nd period - Shot Misses the Net.
0:31 of 2nd period - Shot by Marco Scandella.
0:31 of 2nd period - Stopped by Matthew Murray without a rebound.
0:32 of 2nd period - Rickard Rakell wins face-off versus Logan O'Connor in SPOKANE KNIGHTS zone.
1:25 of 2nd period - Zach Bogosian is hit by Cole Sillinger and loses puck.
1:54 of 2nd period - Shot by Shane Pinto.
1:54 of 2nd period - Shot Misses the Net.
1:56 of 2nd period - Shot by Cole Sillinger.
1:56 of 2nd period - Stopped by Anton Khudobin with a rebound.
1:58 of 2nd period - Shot by Anthony Duclair.
1:58 of 2nd period - Stopped by Anton Khudobin without a rebound.
1:59 of 2nd period - Joseph Veleno wins face-off versus Kyle Okposo in REGINA FALCONS zone.
2:04 of 2nd period - Shot by Joseph Veleno.
2:04 of 2nd period - Shot Misses the Net.
2:06 of 2nd period - Shot by Callan Foote.
2:06 of 2nd period - Shot Misses the Net.
2:08 of 2nd period - Shot by Anthony Cirelli.
2:08 of 2nd period - Shot Blocked by Kyle Okposo.
2:10 of 2nd period - Shot by Callan Foote.
2:10 of 2nd period - Stopped by Anton Khudobin without a rebound.
2:11 of 2nd period - Quinton Byfield wins face-off versus Tyler Motte in REGINA FALCONS zone.
2:16 of 2nd period - Shot by Quinton Byfield.
2:16 of 2nd period - Shot Misses the Net.
2:18 of 2nd period - Shot by Quinton Byfield.
2:18 of 2nd period - Stopped by Anton Khudobin without a rebound.
2:19 of 2nd period - Joseph Veleno wins face-off versus Tyler Motte in REGINA FALCONS zone.
2:22 of 2nd period - Shot by Anthony Cirelli.
2:22 of 2nd period - Stopped by Anton Khudobin without a rebound.
2:23 of 2nd period - Anthony Cirelli wins face-off versus Andrei Kuzmenko in REGINA FALCONS zone.
2:24 of 2nd period - Shot by Corey Perry.
2:24 of 2nd period - Stopped by Anton Khudobin with a rebound.
2:26 of 2nd period - Shot by Anthony Cirelli.
2:26 of 2nd period - Deflect By Corey Perry.
2:26 of 2nd period - Shot Hit the Post.
2:30 of 2nd period - Shot by Anthony Cirelli.
2:30 of 2nd period - Shot Misses the Net.
4:17 of 2nd period - Shot by Cole Sillinger.
4:17 of 2nd period - Stopped by Anton Khudobin without a rebound.
4:18 of 2nd period - Rickard Rakell wins face-off versus Quinton Byfield in REGINA FALCONS zone.
4:42 of 2nd period - Shot by Rickard Rakell.
4:42 of 2nd period - Shot Blocked by Callan Foote.
4:44 of 2nd period - Shot by Eric Robinson.
4:44 of 2nd period - Shot Blocked by Callan Foote.
4:46 of 2nd period - Shot by Rickard Rakell.
4:46 of 2nd period - Shot Misses the Net.
5:39 of 2nd period - Minor Penalty to Callan Foote for Hooking.
5:40 of 2nd period - Anthony Cirelli wins face-off versus Rickard Rakell in SPOKANE KNIGHTS zone.
5:57 of 2nd period - Shot by Rickard Rakell.
5:57 of 2nd period - Stopped by Matthew Murray without a rebound.
5:58 of 2nd period - Anthony Cirelli wins face-off versus Rickard Rakell in SPOKANE KNIGHTS zone.
7:25 of 2nd period - Shot by Rickard Rakell.
7:25 of 2nd period - Goal by Rickard Rakell - SPOKANE KNIGHTS : 2 - REGINA FALCONS : 3.
7:26 of 2nd period - Shane Pinto wins face-off versus Devin Shore in neutral zone.
7:46 of 2nd period - Anthony Duclair is hit by Logan Stanley.
7:58 of 2nd period - Shot by Shane Pinto.
7:58 of 2nd period - Stopped by Anton Khudobin without a rebound.
7:59 of 2nd period - Kyle Okposo wins face-off versus Quinton Byfield in REGINA FALCONS zone.
7:59 of 2nd period - Kyle Okposo is hit by Kevin Rooney.
8:13 of 2nd period - Shot by Patrick Maroon.
8:13 of 2nd period - Stopped by Matthew Murray with a rebound.
8:15 of 2nd period - Shot by Kyle Okposo.
8:15 of 2nd period - Shot Misses the Net.
8:25 of 2nd period - Shot by Patrick Maroon.
8:25 of 2nd period - Shot Blocked by Jonathon Merrill.
8:27 of 2nd period - Shot by Kyle Okposo.
8:27 of 2nd period - Stopped by Matthew Murray without a rebound.
8:28 of 2nd period - Corey Perry wins face-off versus Rickard Rakell in SPOKANE KNIGHTS zone.
9:04 of 2nd period - Shot by Dominik Kubalik.
9:04 of 2nd period - Stopped by Matthew Murray with a rebound.
9:06 of 2nd period - Shot by Justin Schultz.
9:06 of 2nd period - Stopped by Matthew Murray without a rebound.
9:07 of 2nd period - Logan O'Connor wins face-off versus Tyler Motte in SPOKANE KNIGHTS zone.
9:07 of 2nd period - Logan O'Connor is hit by Tyler Motte.
9:24 of 2nd period - Minor Penalty to Logan Stanley for Hooking.
9:25 of 2nd period - Nicklas Backstrom wins face-off versus Kyle Okposo in REGINA FALCONS zone.
9:44 of 2nd period - Shot by Nicklas Backstrom.
9:44 of 2nd period - Shot Blocked by Zach Bogosian.
9:46 of 2nd period - Shot by Nicklas Backstrom.
9:46 of 2nd period - Stopped by Anton Khudobin without a rebound.
9:47 of 2nd period - Devin Shore wins face-off versus Anthony Cirelli in REGINA FALCONS zone.
9:58 of 2nd period - Shot by Evan Bouchard.
9:58 of 2nd period - Stopped by Anton Khudobin without a rebound.
9:59 of 2nd period - Patrick Maroon wins face-off versus Nicklas Backstrom in REGINA FALCONS zone.
10:40 of 2nd period - Shot by Evan Bouchard.
10:40 of 2nd period - Shot Misses the Net.
11:13 of 2nd period - Shot by Anthony Cirelli.
11:13 of 2nd period - Stopped by Anton Khudobin without a rebound.
11:14 of 2nd period - Kyle Okposo wins face-off versus Anthony Cirelli in REGINA FALCONS zone.
11:14 of 2nd period - Kyle Okposo is hit by Corey Perry.
11:42 of 2nd period - Quinton Byfield is hit by Justin Schultz.
11:59 of 2nd period - Quinton Byfield is hit by Justin Schultz and loses puck.
12:20 of 2nd period - Shot by Simon Ryfors.
12:20 of 2nd period - Shot Misses the Net.
13:11 of 2nd period - Shot by Max Jones.
13:11 of 2nd period - Stopped by Matthew Murray without a rebound.
13:12 of 2nd period - Kyle Okposo wins face-off versus Nicklas Backstrom in SPOKANE KNIGHTS zone.
13:12 of 2nd period - Kyle Okposo is hit by Evan Bouchard.
13:13 of 2nd period - Minor Penalty to Evan Bouchard for Charging.
13:14 of 2nd period - Rickard Rakell wins face-off versus Anthony Cirelli in SPOKANE KNIGHTS zone.
13:36 of 2nd period - Icing by Kyle Okposo.
13:37 of 2nd period - Anthony Cirelli wins face-off versus Rickard Rakell in REGINA FALCONS zone.
13:38 of 2nd period - Shot by Nicklas Backstrom.
13:38 of 2nd period - Shot Blocked by Justin Schultz.
13:52 of 2nd period - Shot by Rickard Rakell.
13:52 of 2nd period - Stopped by Matthew Murray with a rebound.
13:56 of 2nd period - Shot by Kyle Okposo.
13:56 of 2nd period - Stopped by Matthew Murray without a rebound.
13:57 of 2nd period - Tyler Motte wins face-off versus Anthony Cirelli in SPOKANE KNIGHTS zone.
14:09 of 2nd period - Off-side.
14:10 of 2nd period - Tyler Motte wins face-off versus Anthony Cirelli in neutral zone.
14:28 of 2nd period - Eric Robinson is hit by Anthony Cirelli and loses puck.
15:03 of 2nd period - Icing by Rickard Rakell.
15:04 of 2nd period - Kyle Okposo wins face-off versus Nicklas Backstrom in REGINA FALCONS zone.
15:35 of 2nd period - Kevin Stenlund is hit by Daniel D'Amato and loses puck.
15:43 of 2nd period - Devin Shore is hit by David Jiricek and loses puck.
16:18 of 2nd period - Shot by Kyle Okposo.
16:18 of 2nd period - Shot Misses the Net.
16:47 of 2nd period - Shot by Rickard Rakell.
16:47 of 2nd period - Deflect By Eric Robinson.
16:47 of 2nd period - Stopped by Matthew Murray with a rebound.
16:59 of 2nd period - Shot by Eric Robinson.
16:59 of 2nd period - Stopped by Matthew Murray without a rebound.
17:00 of 2nd period - Tyler Motte wins face-off versus Joseph Veleno in SPOKANE KNIGHTS zone.
17:24 of 2nd period - Shot by Anthony Cirelli.
17:24 of 2nd period - Stopped by Anton Khudobin without a rebound.
17:25 of 2nd period - Nicklas Backstrom wins face-off versus Rickard Rakell in REGINA FALCONS zone.
18:57 of 2nd period - Icing by Evan Bouchard.
18:58 of 2nd period - Shane Pinto wins face-off versus Patrick Maroon in SPOKANE KNIGHTS zone.
18:58 of 2nd period - Evan Bouchard is hit by Patrick Maroon and loses puck.
19:09 of 2nd period - Shot by Shane Pinto.
19:09 of 2nd period - Stopped by Anton Khudobin without a rebound.
19:09 of 2nd period - Minor Penalty to Anton Khudobin for Slashing.
19:10 of 2nd period - Nicklas Backstrom wins face-off versus Kyle Okposo in REGINA FALCONS zone.
19:27 of 2nd period - Shot by Nicklas Backstrom.
19:27 of 2nd period - Shot Misses the Net.
Goals for this period are 0 for SPOKANE KNIGHTS vs 1 for REGINA FALCONS.
Shots for this period are 13 for SPOKANE KNIGHTS vs 12 for REGINA FALCONS.

3rd period


0:01 of 3rd period - Kyle Okposo wins face-off versus Logan O'Connor in neutral zone.
0:36 of 3rd period - Shot by Evan Bouchard.
0:36 of 3rd period - Shot Misses the Net.
0:38 of 3rd period - Shot by Evan Bouchard.
0:38 of 3rd period - Shot Misses the Net.
0:40 of 3rd period - Shot by Logan O'Connor.
0:40 of 3rd period - Shot Misses the Net.
1:38 of 3rd period - Shot by Quinton Byfield.
1:38 of 3rd period - Shot Misses the Net.
2:16 of 3rd period - Shot by Corey Perry.
2:16 of 3rd period - Stopped by Anton Khudobin with a rebound.
2:33 of 3rd period - Devin Shore is hit by Chad Ruhwedel and loses puck.
3:06 of 3rd period - Shot by Nicklas Backstrom.
3:06 of 3rd period - Shot Misses the Net.
4:09 of 3rd period - Shane Pinto is hit by Logan Stanley and loses puck.
4:25 of 3rd period - Icing by Kyle Okposo.
4:26 of 3rd period - Kyle Okposo wins face-off versus Quinton Byfield in REGINA FALCONS zone.
5:04 of 3rd period - Shot by Nicklas Backstrom.
5:04 of 3rd period - Stopped by Anton Khudobin without a rebound.
5:05 of 3rd period - Tyler Motte wins face-off versus Nicklas Backstrom in REGINA FALCONS zone.
5:40 of 3rd period - Shot by Tyler Motte.
5:40 of 3rd period - Stopped by Matthew Murray without a rebound.
5:41 of 3rd period - Joseph Veleno wins face-off versus Rickard Rakell in SPOKANE KNIGHTS zone.
5:41 of 3rd period - Joseph Veleno is hit by Dominik Kubalik.
6:06 of 3rd period - Rickard Rakell is hit by Jonathon Merrill and loses puck.
6:19 of 3rd period - Shot by Joseph Veleno.
6:19 of 3rd period - Shot Misses the Net.
6:45 of 3rd period - Minor Penalty to Lias Andersson for Tripping.
6:46 of 3rd period - Nicklas Backstrom wins face-off versus Tyler Motte in SPOKANE KNIGHTS zone.
6:58 of 3rd period - Icing by Andrei Kuzmenko.
6:59 of 3rd period - Anthony Cirelli wins face-off versus Tyler Motte in REGINA FALCONS zone.
8:33 of 3rd period - Shot by Tyler Motte.
8:33 of 3rd period - Shot Blocked by Evan Bouchard.
8:50 of 3rd period - Simon Ryfors is hit by David Jiricek and loses puck.
8:54 of 3rd period - Devin Shore is hit by David Jiricek and loses puck.
9:01 of 3rd period - Shot by Simon Ryfors.
9:01 of 3rd period - Stopped by Matthew Murray without a rebound.
9:02 of 3rd period - Shane Pinto wins face-off versus Rickard Rakell in SPOKANE KNIGHTS zone.
9:59 of 3rd period - Shot by Patric Hornqvist.
9:59 of 3rd period - Shot Misses the Net.
10:15 of 3rd period - Shot by Evan Bouchard.
10:15 of 3rd period - Stopped by Anton Khudobin without a rebound.
10:16 of 3rd period - Nicklas Backstrom wins face-off versus Devin Shore in REGINA FALCONS zone.
11:42 of 3rd period - Off-side.
11:43 of 3rd period - Joseph Veleno wins face-off versus Rickard Rakell in neutral zone.
13:03 of 3rd period - Shot by Kyle Okposo.
13:03 of 3rd period - Stopped by Matthew Murray without a rebound.
13:04 of 3rd period - Shane Pinto wins face-off versus Tyler Motte in SPOKANE KNIGHTS zone.
13:11 of 3rd period - Shot by Anthony Duclair.
13:11 of 3rd period - Shot Misses the Net.
13:13 of 3rd period - Shot by Cole Sillinger.
13:13 of 3rd period - Stopped by Anton Khudobin with a rebound.
13:41 of 3rd period - Shot by Max Jones.
13:41 of 3rd period - Shot Misses the Net.
14:07 of 3rd period - Shot by Joseph Veleno.
14:07 of 3rd period - Shot Misses the Net.
14:10 of 3rd period - Icing by Justin Schultz.
14:11 of 3rd period - Nicklas Backstrom wins face-off versus Kyle Okposo in REGINA FALCONS zone.
14:22 of 3rd period - Shot by Patrick Maroon.
14:22 of 3rd period - Deflect By Kyle Okposo.
14:22 of 3rd period - Shot Misses the Net.
14:24 of 3rd period - Shot by Justin Schultz.
14:24 of 3rd period - Stopped by Matthew Murray without a rebound.
14:25 of 3rd period - Joseph Veleno wins face-off versus Rickard Rakell in SPOKANE KNIGHTS zone.
14:25 of 3rd period - Anthony Cirelli is hit by Logan Stanley and loses puck.
15:29 of 3rd period - Shot by Tyler Motte.
15:29 of 3rd period - Shot Misses the Net.
16:54 of 3rd period - Logan Stanley is hit by Cole Sillinger and loses puck.
18:04 of 3rd period - Shot by Andrei Kuzmenko.
18:04 of 3rd period - Shot Misses the Net.
18:06 of 3rd period - Shot by Tyler Motte.
18:06 of 3rd period - Stopped by Matthew Murray without a rebound.
18:07 of 3rd period - Kyle Okposo wins face-off versus Quinton Byfield in SPOKANE KNIGHTS zone.
18:56 of 3rd period - Minor Penalty to Jonathon Merrill for Tripping.
18:57 of 3rd period - Anthony Cirelli wins face-off versus Rickard Rakell in SPOKANE KNIGHTS zone.
18:57 of 3rd period - Anthony Cirelli is hit by Rickard Rakell.
19:49 of 3rd period - Shot by Nicklas Backstrom.
19:49 of 3rd period - Stopped by Anton Khudobin without a rebound.
19:50 of 3rd period - Logan O'Connor wins face-off versus Tyler Motte in REGINA FALCONS zone.
Goals for this period are 0 for SPOKANE KNIGHTS vs 0 for REGINA FALCONS.
Shots for this period are 5 for SPOKANE KNIGHTS vs 5 for REGINA FALCONS.


BLAKE
WHEELER
STEVEN
STAMKOS
DREW
DOUGHTY

EAST COAST

HOCKEY LEAGUE

  • 63.RHI2PIT5
  • 64.WOR4ATL3
  • 65.QUECHW
  • 66.CHATRV